 Dungeon Crawl Stone Soup version 0.31-a0-142-g31f6795574 (webtiles) character file.

Game seed: 10453668478910536656

1376 8u55y the Conjurer (level 8, -4/41 HPs)
             Began as a Deep Elf Conjurer on June 3, 2023.
             Was a Priest of Kikubaaqudgha.
             Shot with an arrow by a centaur (14 damage)
             ... on level 5 of the Dungeon.
             The game lasted 00:28:20 (5667 turns).

8u55y the Conjurer (Deep Elf Conjurer)              Turns: 5667, Time: 00:28:22

Health: -4/41      AC:  3    Str:  4    XL:     8   Next: 39%
Magic:  10/14      EV: 12    Int: 26    God:    Kikubaaqudgha [***...]
Gold:   240        SH:  0    Dex: 13    Spells: 2/13 levels left

rFire   . . .        u - +0 rapier
rCold   . . .        (no shield)
rNeg    . . .        a - +0 robe
rPois   .            (no helmet)
rElec   .            v - +0 cloak
rCorr   .            (no gloves)
SInv    .            (no boots)
Will    .....        (no amulet)
Stlth   ++           f - ring of flight
HPRegen 0.26/turn    (no ring)
MPRegen 0.14/turn

%: no passive effects
@: animating dead, flying
A: no striking features
a: Renounce Religion, Unearth Wretches


You were on level 5 of the Dungeon.
You worshipped Kikubaaqudgha.
Kikubaaqudgha was most pleased with you.
You visited 2 branches of the dungeon, and saw 6 of its levels.

You collected 240 gold pieces.

Inventory:

Hand Weapons
 u - a +0 rapier (weapon)
Armour
 a - a +0 robe (worn)
 v - a +0 cloak (worn)
Jewellery
 f - a ring of flight (left hand)
Wands
 i - a wand of mindburst (10)
Scrolls
 c - 3 scrolls of teleportation {unknown}
 d - a scroll of immolation {unknown}
 e - a scroll of amnesia {unknown}
 g - 5 scrolls of identify {unknown}
 h - 2 scrolls of enchant weapon {unknown}
 l - a scroll of blinking {unknown}
 n - a scroll of enchant armour {unknown}
 t - a scroll of fear {unknown}
Potions
 b - a potion of magic
 j - 3 potions of lignification {unknown}
 m - a potion of haste {unknown}
 o - a potion of degeneration {unknown}
 p - 3 potions of enlightenment {unknown}
 q - a potion of heal wounds {unknown}
 r - a potion of mutation {unknown}
 s - a potion of resistance {unknown}


   Skills:
 - Level 2.4 Dodging
 - Level 2.4 Stealth
 * Level 3.0 Spellcasting
 + Level 7.8 Conjurations
 + Level 7.0 Hexes
 + Level 7.6 Necromancy


You had 2 spell levels left.
You knew the following spells:

 Your Spells              Type           Power      Damage    Failure   Level
a - Magic Dart            Conj           100%       1d8       1%          1
b - Searing Ray           Conj           88%        2d7       1%          2
c - Fulminant Prism       Conj/Hex       21%        3d12      4%          4
d - Animate Dead          Necr           43%        N/A       4%          4

Your spell library contained the following spells:

 Spells                   Type           Power      Damage    Failure   Level
 Necrotise                Necr           100%       1d9       1%          1
 Shock                    Conj/Air       96%        1d9       1%          1
 Sublimation of Blood     Necr           43%        N/A       1%          2
 Sandblast                Erth           6%         2d5       10%         1
 Summon Small Mammal      Summ           12%        N/A       10%         1
 Passwall                 Tmut/Erth      2%         N/A       14%         2
 Dazzling Flash           Conj/Hex       84%        N/A       1%          3
 Vampiric Draining        Necr           43%        2d9       1%          3
 Dispel Undead            Necr           43%        3d17      4%          4
 Stone Arrow              Conj/Erth      48%        3d10      5%          3
 Summon Guardian Golem    Hex/Summ       22%        N/A       7%          3
 Agony                    Necr           43%        N/A       12%         5
 Iskenderun's Mystic Bla  Conj/Tloc      24%        2d7       19%         4
 Call Canine Familiar     Summ           3%         N/A       28%         3
 Swiftness                Air            3%         N/A       28%         3
 Borgnjor's Vile Clutch   Necr/Erth      11%        N/A       50%         5
 Airstrike                Air            1%         2d(1-17)  67%         4
 Simulacrum               Ice/Necr       11%        N/A       97%         6
 Malign Gateway           Summ/Tloc      1%         N/A       100%        7


Dungeon Overview and Level Annotations

Branches:
Dungeon (5/15)             Temple (1/1) D:4

Altars:
Ashenzari
Cheibriados
Dithmenos
Elyvilon
Fedhas
Gozag
Hepliaklqana
Kikubaaqudgha
Makhleb
Okawaru
Qazlal
Ru
Sif Muna
Trog
Uskayaw
Xom
Yredelemnul
Zin

Shops:
D:2 *

Annotations:
D:4 3 runed translucent doors, Flippered's ghost, novice MiHu


Message History

The orc is severely wounded.
The magic dart hits the orc but does no damage.
The orc is severely wounded.
The magic dart hits the orc.
You kill the orc!
Kikubaaqudgha accepts your kill.
The dead are walking!
Press: ? - help, v - describe, . - travel, g - get item
Here: an ice beast zombie (friendly) Item here: a +0 short sword.
The floor.
You swap places.
You swap places.
You now have 240 gold pieces (gained 9).
Things that are here:
a +0 dagger; a +0 leather armour
Things that are here:
a +0 leather armour; a +0 trident The centaur shouts!
The centaur shoots an arrow.
The arrow barely misses you.
The centaur shoots an arrow.
The arrow barely misses you.
An orc comes into view. It is wielding a +0 mace.
The centaur shoots an arrow.
The arrow hits you.
The orc shouts!
The centaur shoots an arrow.
The arrow hits you.
The centaur shoots an arrow.
The arrow hits you!
You swap places.
The centaur shoots an arrow.
The arrow hits you!
* * * LOW HITPOINT WARNING * * *
The centaur shoots an arrow.
The arrow closely misses you. Magic courses through your body.
Your orc zombie hits the orc.
The orc hits your orc zombie with a +0 mace.
Casting: Magic Dart (safe; 1% risk of failure)
Confirm with . or Enter, or press ? or * to list all spells.
You dismiss your zombies and call upon the dead to rise afresh.
Your ice beast zombie crumbles into dust!
Your orc zombie crumbles into dust!
The centaur shoots an arrow.
The arrow hits you!
You die...
Kikubaaqudgha rasps: "You have failed me!
Welcome... death!"

#..#.....# .####
######..#.#...# ......
#....#..#.#...# ......
#.##.#..#.#.c.##
....c.####.#..#..#.#....##
........[..##.#..#.#.#....
............[.......<#.###
.....o.....[..########.#
.........@.............#
#.#...######............
#... ...#.############ #..
#.##.#)......... #..
#............### #.
####.#.)......$# #.
...#.#<....#
#######.......#
.........####.#


You could see a centaur and an orc.

Vanquished Creatures
  Grinder (D:4)
  Eustachio (D:4)
  2 ice beasts (D:5)
  An ogre (D:4)
  A phantom (D:4)
  Blork the orc (D:4)
  A scorpion (D:5)
  A howler monkey (D:5)
  A jelly (D:4)
  2 hounds
  A sleepcap (D:5)
  4 iguanas
  Natasha (thrice) (D:4)
  Terence (D:2)
  4 gnolls (D:5)
  4 adders
  2 ufetubi (D:4)
  2 adder zombies (D:4)
  3 dart slugs
  3 orcs (D:5)
  8 ball pythons
  9 bats
  12 endoplasms
  3 giant cockroaches
  7 goblins
  8 hobgoblins
  11 jackals
  3 quokkas
  7 frilled lizards
  7 kobolds
  6 rats
120 creatures vanquished.

Vanquished Creatures (collateral kills)
  Crazy Yiuf (D:4)
  An orc (D:5)
2 creatures vanquished.

Vanquished Creatures (others)
  A hound zombie (D:5)
  4 gnoll zombies (D:5)
  An orc zombie (D:5)
  21 fulminant prisms
27 creatures vanquished.

Grand Total: 149 creatures vanquished

Notes
Turn   | Place    | Note
-------+----------+-------------------------------------------
     0 | D:1      | 8u55y the Deep Elf Conjurer began the quest for the Orb.
     0 | D:1      | Reached XP level 1. HP: 10/10 MP: 6/6
   134 | D:1      | Found a faded altar of an unknown god.
   138 | D:1      | Reached XP level 2. HP: 15/15 MP: 4/8
   159 | D:1      | Reached skill level 5 in Conjurations
   507 | D:1      | Prayed at the altar of an unknown god.
   507 | D:1      | Became a worshipper of Kikubaaqudgha
   507 | D:1      | Reached * piety under Kikubaaqudgha
   507 | D:1      | Received a gift from Kikubaaqudgha
   634 | D:1      | Reached XP level 3. HP: 19/19 MP: 1/9
   719 | D:1      | Learned a level 2 spell: Searing Ray
   941 | D:2      | Reached skill level 1 in Necromancy
  1002 | D:2      | Noticed Terence
  1006 | D:2      | Killed Terence
  1110 | D:2      | Reached XP level 4. HP: 24/24 MP: 6/10
  1115 | D:2      | Learned a level 4 spell: Fulminant Prism
  1193 | D:2      | Found Vyor Ydi's General Store.
  1411 | D:2      | Reached ** piety under Kikubaaqudgha
  1412 | D:2      | Reached skill level 1 in Hexes
  2546 | D:3      | Reached XP level 5. HP: 28/28 MP: 5/11
  2905 | D:4      | Noticed Natasha
  2910 | D:4      | Killed Natasha
  3083 | D:4      | Found a staircase to the Ecumenical Temple.
  3167 | Temple   | Entered the Ecumenical Temple
  3416 | D:4      | Noticed Grinder
  3427 | D:4      | Killed Grinder
  3428 | D:4      | Reached XP level 6. HP: 24/32 MP: 8/12
  3603 | D:4      | Reached skill level 5 in Hexes
  3619 | D:4      | Learned a level 4 spell: Animate Dead
  3620 | D:4      | Noticed Natasha
  3622 | D:4      | Killed Natasha
  3658 | D:4      | Reached XP level 7. HP: 36/36 MP: 5/13
  3705 | D:4      | Noticed Natasha
  3709 | D:4      | Killed Natasha
  3808 | D:4      | Reached *** piety under Kikubaaqudgha
  3808 | D:4      | Received a gift from Kikubaaqudgha
  3940 | D:4      | Got the Spellbook of Wicked Rituals and Sidekicks
  4102 | D:4      | Noticed Eustachio
  4113 | D:4      | Reached skill level 5 in Necromancy
  4272 | D:4      | Killed Eustachio
  4542 | D:4      | Found a runed translucent gate.
  4542 | D:4      | Found a runed translucent gate.
  4542 | D:4      | Found a runed translucent gate.
  4542 | D:4      | Noticed Flippered's ghost (novice MiHu)
  4544 | D:4      | Found a basalt altar of Yredelemnul.
  4615 | D:4      | Found a runed translucent door.
  4616 | D:4      | Noticed Crazy Yiuf
  4627 | D:4      | Killed Crazy Yiuf
  4714 | D:4      | Noticed Blork the orc
  4717 | D:4      | Killed Blork the orc
  4895 | D:5      | Entered Level 5 of the Dungeon
  5298 | D:5      | Reached XP level 8. HP: 41/41 MP: 9/14
  5667 | D:5      | Shot with an arrow by a centaur

Illustrated notes

Levels and vault maps discovered:
D:1:      wander_arrival_peaceful_grave, layout_basic,
          shapermc_ecumenical_altar_starsandcircs
D:2:      layout_loops_ring, serial_shops, nicolae_shop_behind_doors,
          grunt_ministairs_7, nicolae_concentric_dashed_squares_wild,
          uniq_terence
D:3:      layout_loops_cross
D:4:      layout_loops_cross, nicolae_yredelemnul_ghost_church,
          minmay_temple_entry_junction, kennysheep_flooded_box, st_stairs_8,
          kennysheep_path_1, minmay_liquid_box,
          minmay_fractal_squares_gapless_5, uniq_blork_the_orc, uniq_natasha,
          uniq_crazy_yiuf_cottage, uniq_grinder, uniq_eustachio
D:5:      layout_basic, dreamdust_wishing_well, nicolae_figureground_pulse
Temple:   bh_familiar_temple

Skill      XL: |  1  2  3  4  5  6  7  8 |
---------------+-------------------------+-----
Conjurations   | 5 6 7 |  7.8
Necromancy     | 2 3 4 6 7 |  7.6
Hexes          | 2 4 5 6 7 |  7.0
Dodging        | |  2.4
Stealth        | |  2.4
Spellcasting   | |  3.0

Action                     |  1- 3 |  4- 6 |  7- 9 || total
---------------------------+-------+-------+-------++-------
  Melee: Rapier            |       |       |    18 ||    18
   Cast: Magic Dart        |    70 |    76 |    27 ||   173
         Searing Ray       |     1 |    11 |    12 ||    24
         Fulminant Prism   |       |     2 |    19 ||    21
         Animate Dead      |       |       |     6 ||     6
    Use: Potion            |       |     1 |     1 ||     2
 Armour: Robe              |     2 |       |    10 ||    12
  Dodge: Dodged            |     5 |     2 |    33 ||    40

Table legend: (Time is in decaauts)
 A = Elapsed time spent in this place.
 B = Non-inter-level travel time spent in this place.
 C = Inter-level travel time spent in this place.
 D = Time resting spent in this place.
 E = Time spent auto-exploring this place.
 F = Levels seen in this place.
 G = Mean time per level.
                   A        B        C        D        E       F      G
               +--------+--------+--------+--------+--------+-----+--------+
         Total |   5671 |   5343 |    328 |    289 |   4222 |   6 |  945.2 |
       Dungeon |   5488 |   5172 |    316 |    289 |   4059 |   5 | 1097.6 |
        Temple |    182 |    170 |     12 |      0 |    163 |   1 |  182.0 |
               +--------+--------+--------+--------+--------+-----+--------+

Top non-repeatable levels by time:
     D:4: 2219 daAuts
     D:2: 1058 daAuts
     D:1: 938 daAuts
     D:3: 906 daAuts
     D:5: 365 daAuts
  Temple: 182 daAuts
